 Dungeon Crawl Stone Soup version 0.23.0 (webtiles) character file.

Game seed: 9872936366758200094

110940 Masnef the Spry (level 16, -4/79 HPs)
             Began as a Spriggan Skald on Feb 16, 2019.
             Was the Champion of Kikubaaqudgha.
             Slain by a redback (15 damage)
             ... on level 4 of the Spider Nest.
             The game lasted 03:51:03 (41330 turns).

Masnef the Spry (Spriggan Skald)                   Turns: 41330, Time: 03:51:06

Health: -4/79      AC:  5    Str: 12    XL:     16   Next: 8%
Magic:  33/34      EV: 31    Int: 21    God:    Kikubaaqudgha [******]
Gold:   2256       SH: 14    Dex: 18    Spells: 11/41 levels left

rFire    + . .     SeeInvis +   c - +5 whip (pain)
rCold    . . .     Gourm    .   N - +6 buckler of the Game of Kings {Regen+ Dex+2}
rNeg     . . .     Faith    .   a - +0 troll leather armour
rPois    .         Spirit   .   y - +1 hat
rElec    .         Reflect  .   D - scarf {repulsion}
rCorr    .         Harm     .   (gloves unavailable)
MR       ++...                  (boots unavailable)
Stlth    ++++......             g - amulet of the acrobat
HPRegen  1.03/turn              Y - +5 ring of strength
MPRegen  0.24/turn              F - ring of protection from fire

@: lethally poisoned (-4 -> -56), repel missiles, very quick
A: very small, unfitting armour, see invisible, herbivore, speed 3, slow
metabolism 2
a: Receive Corpses, Torment, Brand Weapon With Pain, Receive Necronomicon,
Renounce Religion


You were on level 4 of the Spider Nest.
You worshipped Kikubaaqudgha.
Kikubaaqudgha was exalted by your worship.
You were not hungry.

You visited 6 branches of the dungeon, and saw 29 of its levels.
You visited the Abyss 1 time.
You also visited: Bailey.

You collected 2880 gold pieces.
You spent 624 gold pieces at shops.

Inventory:

Hand Weapons
 c - a +5 whip of pain (weapon)
 f - a +3 flail of holy wrath
 l - a +0 dagger of venom
 r - a +1 short sword of electrocution
 C - a +2 morningstar of holy wrath
Armour
 a - a +0 troll leather armour (worn)
 m - a +1 robe of fire resistance
 o - a scarf of cloud immunity
 w - a +1 robe of magic resistance
 y - a +1 hat (worn)
 D - a scarf of repulsion (worn)
 N - the +6 buckler of the Game of Kings (worn) {Regen+ Dex+2}
   (You took it off an orc warrior on level 12 of the Dungeon)

   It affects your dexterity (+2).
   It increases your rate of regeneration.
Jewellery
 g - an amulet of the acrobat (around neck)
 F - a ring of protection from fire (right hand)
 Y - a +5 ring of strength (left hand)
Wands
 q - a wand of random effects (69)
 x - a wand of scattershot (6)
 A - a wand of disintegration (29)
 I - a wand of clouds (3)
 J - a wand of acid (36)
 P - a wand of iceblast (16)
 Q - a wand of flame (32)
 Z - a wand of enslavement (5)
Scrolls
 n - 6 scrolls of immolation
 s - 12 scrolls of remove curse
 t - 5 scrolls of magic mapping
 v - 8 scrolls of teleportation
 B - 8 scrolls of identify
 L - 3 scrolls of fog
 M - 3 scrolls of amnesia
 O - 4 scrolls of fear
 R - 2 scrolls of blinking
 V - 2 scrolls of vulnerability
Potions
 e - 2 potions of haste
 h - 2 potions of resistance
 i - 3 potions of heal wounds
 j - 9 potions of curing
 k - 6 potions of mutation
 p - 5 potions of magic
 z - 4 potions of lignification
 E - 2 potions of brilliance
 G - 4 potions of ambrosia
 H - 2 potions of cancellation
 S - 2 potions of agility
 T - 2 potions of might
 X - 3 potions of invisibility
Miscellaneous
 b - a crystal ball of energy
 u - a sack of spiders
 K - a lamp of fire
 W - a fan of gales
Comestibles
 d - 13 rations


   Skills:
 * Level 6.9 Fighting
 - Level 5.0 Short Blades
 + Level 8.2 Maces & Flails
 * Level 2.0 Armour
 + Level 16.0 Dodging
 - Level 8.0 Stealth
 - Level 7.2 Shields
 - Level 13.3 Spellcasting
 - Level 3.0 Conjurations
 - Level 7.0 Charms
 * Level 13.3 Necromancy
 - Level 0.4 Translocations
 - Level 2.0 Air Magic
 - Level 3.0 Poison Magic
 - Level 8.0 Evocations


You had 11 spell levels left.
You knew the following spells:

 Your Spells              Type           Power        Failure   Level  Hunger
a - Infusion              Chrm           ####         1%          1    None
b - Shroud of Golubria    Chrm/Tloc      ####......   1%          2    None
c - Regeneration          Chrm/Necr      ######....   1%          3    None
d - Bolt of Draining      Conj/Necr      #####.....   5%          5    ###....
e - Animate Dead          Necr           N/A          1%          4    None
f - Blink                 Tloc           N/A          8%          2    None
g - Mephitic Cloud        Conj/Pois/Air  ####....     6%          3    None
h - Sublimation of Blood  Necr           ######....   1%          2    None
i - Dispel Undead         Necr           ######..     1%          5    ###....
v - Vampiric Draining     Necr           ######....   1%          3    None

Your spell library contained the following spells:

 Spells                   Type           Power        Failure   Level  Hunger
 Animate Skeleton         Necr           N/A          1%          1    None
 Magic Dart               Conj           ####         1%          1    None
 Pain                     Necr           ####         1%          1    None
 Song of Slaying          Chrm           #####...     1%          2    None
 Agony                    Necr           ######..     1%          5    ###....
 Excruciating Wounds      Chrm/Necr      ######....   2%          5    ###....
 Flame Tongue             Conj/Fire      ###..        3%          1    None
 Throw Flame              Conj/Fire      ###...       4%          2    None
 Spectral Weapon          Hex/Chrm       ####....     4%          3    None
 Call Imp                 Summ           ##......     9%          2    None
 Passwall                 Tmut/Erth      ##......     9%          2    None
 Slow                     Hex            ##......     9%          2    None
 Conjure Flame            Conj/Fire      ###.....     10%         3    None
 Inner Flame              Hex/Fire       ##......     17%         3    None
 Sticky Flame             Conj/Fire      ###.....     30%         4    None
 Cause Fear               Hex            ##........   50%         4    None
 Fireball                 Conj/Fire      ###.......   65%         5    ###....
 Silence                  Hex/Air        ###.......   71%         5    ###....
 Deflect Missiles         Chrm/Air       ####......   80%         6    #####..
 Yara's Violent Unravell  Hex/Tmut       ##........   85%         5    ###....
 Hydra Form               Tmut           ##........   100%        6    #####..
 Statue Form              Tmut/Erth      ##.......    100%        6    #####..
 Discord                  Hex            ##........   100%        8    #######


Dungeon Overview and Level Annotations

Branches:
Dungeon (15/15)            Temple (1/1) D:6            Lair (6/6) D:11
  Swamp (1/4) Lair:4       Spider (4/4) Lair:4        Slime (0/5) Lair:6
    Orc (2/2) D:12            Elf (0/3) Orc:2        Vaults (0/5) D:14
 Depths: D:15

Altars:
Ashenzari
Dithmenos
Elyvilon
Gozag
Kikubaaqudgha
Makhleb
Nemelex Xobeh
Okawaru
Ru
Sif Muna
Trog
Uskayaw
Vehumet
Xom
Zin
The Shining One
Beogh
Jiyva

Shops:
D:4 %   D:6 =   D:13 !   D:15 }   Orc:2 =[*([

Annotations:
Swamp:1 Nikola


Innate Abilities, Weirdness & Mutations

You are very small and have problems with some larger weapons.
You are too small for most types of armour.
You have supernaturally acute eyesight. (SInv)
You are a herbivore.
You cover ground extremely quickly.
You need to consume almost no food.


Message History

There is a stone staircase leading up here.
Unknown command.
Unknown command.
Unknown command.
Unknown command.
Unknown command.
Unknown command.
You feel extremely sick. The wolf spider completely misses you.
You block the wolf spider's attack. The tarantella bites you!
The redback closely misses you. The wolf spider hits you!
* * * LOW HITPOINT WARNING * * *
The wolf spider bites you but does no damage.
The redback completely misses you.
The jumping spider leaps! x2
The wolf spider completely misses you. The wolf spider bites you.
* * * LOW HITPOINT WARNING * * *
The redback barely misses you. The tarantella completely misses you.
The redback completely misses you. The redback bites you!
You die...
Kikubaaqudgha rasps: "You have failed me!
Welcome... death!"

##.##......s.#
.....s..^#...
..s..#.^.... #
........... #.#
..........#...s
##..°....ss...#
#...#○ssss...(#
#^^#.ys@sss..s.
#<°.s##s......
#....#.^.......
##°s.....^#..#.
#......^.#. ^.s
#..#^.##.... ss
#.#.#.. .. .. .
## . ..... ...
. .^..


You could see an emperor scorpion, a demonic crawler, 4 wolf spiders, an orb
spider, a hornet, 5 jumping spiders, 3 tarantellas and 6 redbacks.

Vanquished Creatures
  Arachne (Spider:2)
  Rupert (Orc:2)
  Louise (Lair:4)
  An ironheart preserver (D:14)
  An emperor scorpion (Spider:2)
  A spark wasp (Spider:2)
  An ettin (D:15)
  Harold (D:7)
  8 hydras
  3 centaur warriors
  4 ogre magi (Orc:2)
  An alligator (Lair:4)
  A deep troll shaman (Lair:6)
  2 tengu warriors (D:13)
  12 two-headed ogres
  A deep troll earth mage (D:12)
  A death yak (Lair:6)
  Urug (Lair:1)
  3 skeletal warriors (D:14)
  4 unseen horrors
  2 wizards
  4 wolf spiders
  A lindwurm (Lair:6)
  5 orb spiders
  6 ugly things
  A deep elf mage (D:12)
  2 cyclopes
  An orc sorcerer (Orc:1)
  2 manticores
  Joseph (D:9)
  10 elephants
  3 gargoyles
  14 spiny frogs
  3 black mambas
  6 centaur skeletons
  A torpor snail (Spider:2)
  A kobold demonologist (D:14)
  2 rime drakes (Lair:4)
  7 komodo dragons
  4 demonic crawlers
  An efreet (D:15)
  5 jumping spiders
  2 queen bees
  4 trolls
  5 tyrant leeches
  Prince Ribbit (D:8)
  A bog body (Swamp:1)
  12 slime creatures
  16 blink frogs
  7 hippogriffs
  4 large abominations (Abyss:2)
  2 wraiths (Lair:4)
  Sigmund (D:4)
  A wyvern (Lair:4)
  25 redbacks
  5 tarantellas
  2 shadows
  A ynoxinul (Abyss:2)
  24 yaks
  A vampire (D:12)
  Grum (D:7)
  3 basilisks
  2 hungry ghosts
  10 vampire mosquitoes
  2 steam dragons
  Menkaure (D:4)
  A soldier ant (D:9)
  4 swamp worms
  7 porcupines
  Duvessa (D:7)
  5 sky beasts
  12 water moccasins
  2 slaves (D:6)
  An eye of draining (D:14)
  3 ice beasts
  12 orc warriors
  A swamp drake (Swamp:1)
  4 boggarts (D:14)
  10 centaurs
  28 ogres
  2 necrophages (Lair:3)
  4 black bears
  2 phantoms
  15 wolves
  17 crocodiles
  A manticore skeleton (Abyss:2)
  4 big kobolds
  8 gnoll sergeants
  15 bullfrogs
  2 wyvern skeletons
  A scorpion (D:12)
  Dowan (D:7)
  50 killer bees
  11 wights
  An electric eel (D:9)
  3 howler monkeys
  8 crimson imps
  4 jellies
  4 quasits
  A bullfrog zombie (D:12)
  17 hounds
  4 gnoll shamans
  11 orc priests
  3 bullfrog skeletons
  4 iguanas
  Ijyb (D:3)
  9 worker ants
  19 orc wizards
  2 small abominations (Abyss:2)
  A hound zombie (D:5)
  31 gnolls
  A howler monkey skeleton (D:5)
  8 adders
  6 shadow imps
  A white imp (D:11)
  An ooze (D:4)
  An adder skeleton (D:6)
  4 worms
  2 dart slugs
  7 leopard geckos
  49 orcs
  5 giant cockroaches
  7 goblins
  6 hobgoblins
  14 jackals
  2 quokkas
  3 ball pythons
  7 bats
  4 frilled lizards
  38 kobolds
  6 rats
783 creatures vanquished.

Vanquished Creatures (collateral kills)
  Roxanne (D:14)
  A yellow draconian (Abyss:2)
  Josephine (Spider:1)
  3 hydras
  2 catoblepae
  A centaur warrior (D:12)
  3 two-headed ogres
  2 death yaks (Lair:6)
  2 orb spiders (Spider:1)
  Pikel (D:7)
  3 cyclopes
  5 wolf spiders
  An oklob plant (Lair:5)
  4 slime creatures
  An elephant (Lair:5)
  2 black mambas
  3 spiny frogs
  A komodo dragon (Lair:3)
  3 demonic crawlers
  An ancient zyme (Abyss:2)
  2 polar bears
  9 jumping spiders
  2 trolls
  A tyrant leech (Swamp:1)
  2 hornets (Spider:1)
  A hippogriff (Lair:1)
  4 dream sheep (Lair:3)
  3 wraiths
  9 redbacks
  4 water elementals (D:13)
  A yak (Lair:6)
  2 hungry ghosts
  A vampire mosquito (D:12)
  A swamp worm (Swamp:1)
  A porcupine (Lair:1)
  2 water moccasins
  3 orc warriors (Orc:1)
  A black bear (D:9)
  4 necrophages (Lair:3)
  3 wolves (Lair:3)
  An ogre (Orc:2)
  A crocodile (Lair:5)
  2 bullfrogs (Lair:3)
  3 gnoll sergeants
  A killer bee (D:9)
  A wight (D:12)
  4 electric eels (D:12)
  A crimson imp (D:10)
  2 orc priests
  3 gnoll shamans (Bailey)
  3 hounds (D:9)
  3 orc wizards (Orc:1)
  4 hell rats (Lair:6)
  A worker ant (D:14)
  A hound skeleton (D:9)
  6 gnolls
  An adder (D:12)
  8 orcs
  3 jackals
  A fungus (Lair:3)
  2 plants (Lair:6)
149 creatures vanquished.

Vanquished Creatures (others)
  A tarantella (Spider:2)
  2 slaves (D:7)
  A gnoll (D:9)
  16 fungi
  7 plants
  3 starspawn tentacles (Abyss:2)
30 creatures vanquished.

Grand Total: 962 creatures vanquished

Notes
Turn   | Place    | Note
-------+----------+-------------------------------------------
     0 | D:1      | Masnef the Spriggan Skald began the quest for the Orb.
     0 | D:1      | Reached XP level 1. HP: 10/10 MP: 5/5
   109 | D:1      | Reached skill level 1 in Stealth
   593 | D:1      | Reached XP level 2. HP: 14/14 MP: 3/6
   612 | D:1      | Learned a level 2 spell: Shroud of Golubria
  1099 | D:1      | Reached skill level 4 in Dodging
  1302 | D:2      | Reached XP level 3. HP: 18/18 MP: 5/8
  1307 | D:2      | Learned a level 3 spell: Regeneration
  2151 | D:3      | Reached skill level 1 in Maces & Flails
  2329 | D:3      | Noticed Ijyb
  2393 | D:3      | Killed Ijyb
  2393 | D:3      | Reached XP level 4. HP: 22/22 MP: 3/9
  2611 | D:3      | Reached skill level 1 in Necromancy
  2835 | D:3      | Reached XP level 5. HP: 25/25 MP: 10/10
  2913 | D:3      | Reached skill level 5 in Dodging
  3297 | D:4      | Noticed Menkaure
  3516 | D:4      | Found Cisoz's Food Shoppe.
  3946 | D:4      | Killed Menkaure
  3946 | D:4      | Reached skill level 1 in Shields
  3946 | D:4      | Reached XP level 6. HP: 18/30 MP: 0/11
  4121 | D:4      | Noticed Sigmund
  4144 | D:4      | Killed Sigmund
  4144 | D:4      | Reached skill level 5 in Charms
  4246 | D:5      | Entered Level 5 of the Dungeon
  4247 | D:5      | Reached XP level 7. HP: 34/34 MP: 13/13
  4277 | D:5      | Reached skill level 6 in Dodging
  4277 | D:5      | Reached skill level 5 in Stealth
  4949 | D:5      | Reached XP level 8. HP: 39/39 MP: 10/15
  4996 | D:5      | Reached skill level 7 in Dodging
  5536 | D:6      | Found a staircase to the Ecumenical Temple.
  5547 | Temple   | Entered the Ecumenical Temple
  5578 | Temple   | Became a worshipper of Kikubaaqudgha
  6154 | D:6      | Found Beang's Jewellery Shop.
  6159 | D:6      | Found a hide-covered altar of Uskayaw.
  6159 | D:6      | Noticed a +0 dagger
  6159 | D:6      | Noticed a +0 dagger
  6186 | D:7      | Noticed Duvessa
  6187 | D:7      | Noticed Dowan
  6284 | D:7      | Noticed Harold
  6393 | D:7      | Reached skill level 8 in Dodging
  6682 | D:7      | Noticed Pikel
  7378 | D:7      | Killed Dowan
  7623 | D:7      | Reached * piety under Kikubaaqudgha
  7623 | D:7      | Identified Kikubaaqudgha's Almanac of Evil (Kikubaaqudgha
                  | gifted it to you on level 7 of the Dungeon)
  7623 | D:7      | Received a gift from Kikubaaqudgha
  7646 | D:7      | Learned a level 3 spell: Vampiric Draining
  7668 | D:7      | Learned a level 1 spell: Animate Skeleton
  7905 | D:7      | Killed Pikel
  7905 | D:7      | Reached skill level 5 in Short Blades
  7905 | D:7      | Reached skill level 5 in Spellcasting
  8121 | D:7      | Reached XP level 9. HP: 30/43 MP: 2/17
  8622 | D:7      | Killed Duvessa
  8622 | D:7      | Reached skill level 9 in Dodging
  8634 | D:7      | Found a deep blue altar of Sif Muna.
  9037 | D:7      | Found a deep blue altar of Sif Muna.
  9076 | D:7      | Killed Harold
  9878 | D:8      | Noticed a two-headed ogre
 10055 | D:8      | Noticed Grum
 10083 | D:7      | Reached skill level 10 in Dodging
 10083 | D:7      | Reached skill level 5 in Necromancy
 10438 | D:7      | Killed Grum
 10610 | D:8      | Reached XP level 10. HP: 49/49 MP: 13/21
 10760 | D:8      | Killed a two-headed ogre
 10760 | D:8      | Reached skill level 11 in Dodging
 11002 | D:9      | Noticed Prince Ribbit
 11062 | D:9      | Found a glowing silver altar of Zin.
 11070 | D:9      | Found a shadowy altar of Dithmenos.
 11100 | D:9      | Noticed a two-headed ogre
 11154 | D:9      | Found a flagged portal.
 11154 | D:9      | Noticed Joseph
 11162 | Bailey   | Entered a bailey
 11466 | Bailey   | Reached ** piety under Kikubaaqudgha
 12009 | D:8      | Killed Prince Ribbit
 12452 | D:9      | Reached skill level 12 in Dodging
 12509 | D:9      | Reached *** piety under Kikubaaqudgha
 12509 | D:9      | Identified Kikubaaqudgha's Compendium of Evil Arts
                  | (Kikubaaqudgha gifted it to you on level 9 of the Dungeon)
 12509 | D:9      | Received a gift from Kikubaaqudgha
 12532 | D:9      | Learned a level 4 spell: Animate Dead
 12639 | D:9      | Killed a two-headed ogre
 13059 | D:9      | Reached XP level 11. HP: 47/54 MP: 18/24
 13075 | D:9      | Reached **** piety under Kikubaaqudgha
 13465 | D:9      | Killed Joseph
 13818 | D:10     | Entered Level 10 of the Dungeon
 13968 | D:10     | Noticed an unseen horror
 14860 | D:10     | Killed an unseen horror
 14860 | D:10     | Reached skill level 5 in Shields
 15032 | D:10     | Noticed a two-headed ogre
 15114 | D:10     | Noticed a two-headed ogre
 15344 | D:9      | Killed a two-headed ogre
 15344 | D:9      | Reached skill level 13 in Dodging
 15712 | D:10     | Killed a two-headed ogre
 16265 | D:11     | Found a staircase to the Lair.
 17501 | D:12     | Noticed a white ugly thing
 17502 | D:12     | Noticed a purple ugly thing
 17502 | D:12     | Noticed a centaur warrior
 17548 | D:12     | Killed a centaur warrior
 17548 | D:12     | Reached skill level 10 in Spellcasting
 17548 | D:12     | Reached skill level 1 in Evocations
 17548 | D:12     | Reached XP level 12. HP: 33/59 MP: 9/27
 17687 | D:12     | Noticed a deep troll earth mage
 17830 | Lair:1   | Entered Level 1 of the Lair of Beasts
 17831 | Lair:1   | Noticed a four-headed hydra
 17948 | Lair:1   | Found a shattered altar of Ashenzari.
 17963 | Lair:1   | Noticed Urug
 17977 | Lair:1   | Killed a four-headed hydra
 17977 | Lair:1   | Reached skill level 5 in Fighting
 18064 | Lair:1   | Noticed a six-headed hydra
 18084 | Lair:1   | Killed a six-headed hydra
 18093 | Lair:1   | Killed Urug
 18383 | Lair:1   | Noticed a seven-headed hydra
 18401 | Lair:1   | Killed a seven-headed hydra
 18717 | D:11     | Learned a level 5 spell: Bolt of Draining
 19664 | Lair:2   | Reached skill level 1 in Conjurations
 19672 | Lair:2   | Learned a level 2 spell: Blink
 19676 | Lair:2   | Learned a level 3 spell: Mephitic Cloud
 20352 | Lair:3   | Reached skill level 1 in Air Magic
 20533 | Lair:3   | Reached skill level 1 in Poison Magic
 20537 | Lair:3   | Reached ***** piety under Kikubaaqudgha
 22397 | Lair:4   | Found a hole to the Spider Nest.
 22438 | Lair:4   | Reached skill level 5 in Maces & Flails
 22450 | Lair:4   | Reached XP level 13. HP: 57/64 MP: 19/29
 23346 | Lair:4   | Found a staircase to the Swamp.
 24396 | Lair:5   | Reached skill level 14 in Dodging
 25236 | Lair:5   | Reached skill level 10 in Necromancy
 26545 | Lair:6   | Entered Level 6 of the Lair of Beasts
 26831 | Lair:6   | Learned a level 2 spell: Sublimation of Blood
 26997 | Lair:6   | Found a staircase to the Slime Pits.
 27028 | Lair:6   | Reached skill level 5 in Evocations
 27031 | Lair:6   | Reached ****** piety under Kikubaaqudgha
 27066 | Lair:6   | Found a viscous altar of Jiyva.
 27882 | Lair:6   | Reached XP level 14. HP: 53/69 MP: 11/31
 28764 | D:12     | Identified the +6 buckler of the Game of Kings {Regen+
                  | Dex+2}
 29638 | D:12     | Found a deep blue altar of Sif Muna.
 30607 | D:12     | Learned a level 5 spell: Dispel Undead
 30833 | D:12     | Found a staircase to the Orcish Mines.
 31384 | Orc:1    | Entered Level 1 of the Orcish Mines
 31386 | Orc:1    | Found a roughly hewn altar of Beogh.
 31903 | Orc:2    | Entered Level 2 of the Orcish Mines
 31955 | Orc:2    | Found a staircase to the Elven Halls.
 32072 | Orc:2    | Noticed Rupert
 32145 | Orc:2    | Killed Rupert
 32412 | Orc:2    | Found Suofonu's Antique Armour Boutique.
 32946 | Orc:2    | Found Vipsilyvo's Jewellery Shoppe.
 32946 | Orc:2    | Found Jeiset's General Store.
 32946 | Orc:2    | Found Quca's Armour Boutique.
 32946 | Orc:2    | Found Qurudaus's Antique Weapon Emporium.
 33039 | Orc:2    | Bought a scroll of identify for 26 gold pieces
 33039 | Orc:2    | Bought a potion of ambrosia for 104 gold pieces
 33039 | Orc:2    | Bought a potion of invisibility for 104 gold pieces
 33039 | Orc:2    | Bought a scroll of identify for 26 gold pieces
 33593 | D:13     | Found Oleogan's Distillery.
 33601 | D:13     | Bought a potion of curing for 42 gold pieces
 33601 | D:13     | Bought a potion of haste for 140 gold pieces
 33601 | D:13     | Bought a potion of resistance for 140 gold pieces
 34104 | D:13     | Reached XP level 15. HP: 71/73 MP: 33/33
 34456 | D:14     | Found a gate to the Vaults.
 34553 | D:14     | Reached skill level 15 in Dodging
 34882 | D:14     | Identified the +10 plate armour of Heresy {Dex+8}
 35067 | D:14     | Found a sacrificial altar of Ru.
 35261 | D:14     | Identified Roxanne's Collected Works on Changing
 35261 | D:14     | Noticed Roxanne
 35360 | D:14     | Killed Roxanne
 35655 | D:15     | Entered Level 15 of the Dungeon
 35655 | D:15     | Found Uphiul's Gadget Emporium.
 36261 | Swamp:1  | Entered Level 1 of the Swamp
 36843 | Swamp:1  | Noticed Nikola
 37024 | Spider:1 | Entered Level 1 of the Spider Nest
 37028 | Spider:1 | Noticed Louise
 37031 | Spider:1 | Noticed Josephine
 37284 | Lair:4   | Cast into level 2 of the Abyss (Louise)
 37317 | Abyss:2  | Noticed a tentacled starspawn
 37336 | Abyss:2  | Found a corrupted altar of Lugonu.
 37466 | Abyss:2  | Noticed a lich
 37489 | Abyss:2  | Found a snail-covered altar of Cheibriados.
 37925 | Abyss:2  | Noticed a tentacled monstrosity
 37976 | Abyss:2  | Noticed a tentacled starspawn
 38050 | Lair:4   | Escaped the Abyss
 38083 | Lair:4   | Killed Louise
 38499 | D:13     | Bought a potion of curing for 42 gold pieces
 38650 | Spider:1 | Killed Josephine
 39276 | Spider:2 | Reached skill level 1 in Armour
 39390 | Spider:2 | Noticed Arachne
 39417 | Spider:2 | Killed Arachne
 40223 | Spider:2 | Reached XP level 16. HP: 69/79 MP: 27/34
 41000 | Spider:4 | Entered Level 4 of the Spider Nest
 41077 | Spider:3 | Reached skill level 16 in Dodging
 41330 | Spider:4 | Slain by a redback

Skill      XL: |  1  2  3  4  5  6  7  8  9 10 11 12 13 14 15 16 |
---------------+-------------------------------------------------+-----
Stealth        | 2 4 5 6 8 |  8.0
Dodging        | 4 5 6 8 10 12 13 14 15 16 | 16.0
Maces & Flails | 1 2 3 4 5 7 8 |  8.2
Spellcasting   | 3 4 5 7 8 10 11 12 13 | 13.3
Necromancy     | 1 2 3 5 6 8 9 10 11 13 | 13.3
Shields        | 1 2 3 4 5 6 7 |  7.2
Short Blades   | 3 5 |  5.0
Charms         | 5 6 7 |  7.0
Fighting       | 2 3 4 5 6 |  6.9
Evocations     | 1 3 5 8 |  8.0
Conjurations   | 2 3 |  3.0
Air Magic      | 2 |  2.0
Poison Magic   | 2 3 |  3.0
Armour         | 1 2 |  2.0
Translocations | |  0.4

Action                   |  1- 3 |  4- 6 |  7- 9 | 10-12 | 13-15 | 16-18 || total
-------------------------+-------+-------+-------+-------+-------+-------++-------
Melee: Short sword       |    14 |    63 |   412 |   108 |    87 |       ||   684
       Whip              |    64 |       |    11 |   966 |  1518 |    58 ||  2617
       Dagger            |    36 |    45 |     5 |   270 |   102 |       ||   458
       Flail             |       |       |       |       |    81 |       ||    81
       Morningstar       |       |       |       |       |    36 |     6 ||    42
 Cast: Infusion          |     7 |     2 |    26 |    33 |    25 |     1 ||    94
       Shroud of Golubri |     5 |     7 |    44 |    98 |    87 |     4 ||   245
       Regeneration      |       |     2 |     8 |    15 |    31 |     3 ||    59
       Animate Skeleton  |       |       |    10 |    27 |       |       ||    37
       Vampiric Draining |       |       |     6 |    58 |    91 |       ||   155
       Animate Dead      |       |       |       |    19 |    73 |     5 ||    97
       Mephitic Cloud    |       |       |       |    10 |   172 |     9 ||   191
       Blink             |       |       |       |     6 |    17 |     5 ||    28
       Sublimation of Bl |       |       |       |       |    11 |       ||    11
       Dispel Undead     |       |       |       |       |    20 |       ||    20
       Bolt of Draining  |       |       |       |       |     3 |       ||     3
Invok: Receive Corpses   |       |       |       |    15 |    26 |     1 ||    42
Evoke: Wand              |       |       |     4 |    15 |     9 |       ||    28
       Lamp of fire      |       |       |       |       |     1 |       ||     1
  Use: Scroll            |       |       |    11 |    11 |    17 |       ||    39
       Potion            |       |       |     1 |     1 |       |       ||     2
 Stab: Sleeping          |     2 |    10 |     8 |    13 |    17 |       ||    50
       Distracted        |       |       |       |     8 |     9 |       ||    17
       Confused          |       |       |       |     8 |   118 |    11 ||   137
       Held in net/web   |       |       |       |       |     1 |       ||     1
  Eat: Ration            |       |     1 |     5 |    12 |    17 |       ||    35
Armor: Robe              |    11 |     4 |    21 |    50 |    41 |       ||   127
       Skin              |     6 |       |       |       |       |       ||     6
       Troll leather arm |       |       |       |       |    15 |     3 ||    18
Dodge: Dodged            |    69 |    54 |   416 |  1347 |  1401 |    95 ||  3382
       Deflected         |       |       |     2 |     5 |    24 |       ||    31
Block: Buckler           |    14 |    28 |   139 |   476 |   946 |    62 ||  1665
